 Dungeon Crawl Stone Soup version 0.22.1-6-g1668fe2c40 (webtiles) character file.

1576 Forgol the Carver (level 8, -3/63 HPs)
             Began as a Black Draconian Berserker on Jan 20, 2019.
             Was an Elder of Trog.
             Slain by Dowan
             ... wielding a +0 dagger
              (4 damage)
             ... on level 7 of the Dungeon.
             The game lasted 00:17:27 (6423 turns).

Forgol the Carver (Black Draconian Berserker)       Turns: 6423, Time: 00:17:29

Health: -3/63      AC:  9    Str: 21 (24) XL:     8   Next: 60%
Magic:  0/8        EV: 15    Int:  7 (8)  God:    Trog [****..]
Gold:   433        SH:  0    Dex:  9 (10) Spells: 7/7 levels left

rFire    + . .     SeeInvis .   a - +2 falchion
rCold    . . .     Gourm    .   (no shield)
rNeg     . . .     Faith    .   (armour unavailable)
rPois    .         Spirit   +   (helmet restricted)
rElec    +         Reflect  .   (no cloak)
rCorr    .         Harm     .   e - +1 pair of gloves
MR       .....                  k - +0 pair of boots
Stlth    +.........             H - amulet of guardian spirit
HPRegen  0.20/turn              d - ring of protection from fire
MPRegen  0.11/turn              p - +2 ring of strength

@: short of breath, berserk cooldown, hasted and slowed, drained
A: breathe lightning, unfitting armour, electricity resistance, cold-blooded, AC
+6
a: Breathe Lightning, Berserk, Trog's Hand, Brothers in Arms, Renounce Religion


You were on level 7 of the Dungeon.
You worshipped Trog.
Trog was greatly pleased with you.
You were not hungry.

You visited 1 branch of the dungeon, and saw 7 of its levels.

You collected 433 gold pieces.

Inventory:

Hand Weapons
 a - a +2 falchion (weapon)
Missiles
 j - 276 stones (quivered)
 F - 5 tomahawks
Armour
 e - a +1 pair of gloves (worn)
 k - a +0 pair of boots (worn)
Jewellery
 c - an uncursed amulet of harm
 d - a ring of protection from fire (left hand)
 g - an uncursed ring of see invisible
 p - a +2 ring of strength (right hand)
 t - an uncursed ring of ice
 G - an uncursed ring of resist corrosion {unknown}
 H - an amulet of guardian spirit (around neck)
Wands
 n - a wand of polymorph (11)
 v - a wand of iceblast (1)
 y - a wand of enslavement (12)
 B - a wand of random effects (21)
Scrolls
 h - a scroll of blinking {unknown}
 l - a scroll of noise {unknown}
 r - 2 scrolls of immolation {unknown}
 s - a scroll of amnesia {unknown}
 u - a scroll of random uselessness {unknown}
 x - 3 scrolls of magic mapping
 D - a scroll of fog
Potions
 w - a potion of lignification
Comestibles
 b - 7 rations


   Skills:
 - Level 3.2(2.5) Fighting
 + Level 8.3(7.5) Long Blades
 + Level 7.5(6.8) Dodging


You had 7 spell levels left.
You didn't know any spells.
Your spell library was empty.

Dungeon Overview and Level Annotations

Branches:
Dungeon (7/15)             Temple (0/1) D:7

Altars:
Cheibriados
Gozag
Nemelex Xobeh
Sif Muna
Trog
Xom
Zin

Annotations:
D:7 Dowan, Duvessa, Prince Ribbit


Innate Abilities, Weirdness & Mutations

You can breathe wild blasts of lightning.
Your glossy black scales are hard. (AC +6)
You cannot fit into any form of body armour.
You are resistant to electric shocks. (rElec)
You are cold-blooded and may be slowed by cold attacks.


Message History

Duvessa is moderately wounded.
Dowan casts a spell at you. You resist with some effort.
Duvessa hits you with a short sword.
* * * LOW HITPOINT WARNING * * *
Dowan mumbles some strange words.
Dowan blinks!
Duvessa hits you with a short sword!
* * * LOW HITPOINT WARNING * * *
Things that are here:
a giant spiked club; an ogre corpse Duvessa hits you with a short sword.
* * * LOW HITPOINT WARNING * * *
You can't do that yet.
You feel yourself speed up. Duvessa hits you but does no damage.
Duvessa hits you with a short sword.
* * * LOW HITPOINT WARNING * * *
Duvessa hits you with a short sword.
* * * LOW HITPOINT WARNING * * *
Dowan hits you with a dagger.
You die...

.#####.....## ##
#......#
##..#..##
#.###..## ###
##..## ##..##
#### ##..##
.....### # ##..##
........ # ##@e##
..#.#.. ## ##e.##
.#.#.#. .# ##.(##
#.#.#.# .##
##..##....#.>$#.
..# #..†.....#
#.#.# ..##
#..........#.#.#.
#..#
#...........#.#.a
#.>##
##...............
##..#
#...............


You could see Duvessa and Dowan.

Vanquished Creatures
  A sky beast (D:6)
  4 ogres
  A bullfrog (D:7)
  4 howler monkeys
  4 crimson imps
  A centaur zombie (D:6)
  2 hounds
  5 orc priests
  5 orc wizards
  7 worker ants
  An iguana (D:6)
  A hound skeleton (D:5)
  5 adders
  An ooze (D:1)
  An adder skeleton (D:4)
  3 worms
  5 dart slugs
  5 leopard geckos
  19 orcs
  A ball python (D:2)
  9 giant cockroaches
  6 goblins
  9 hobgoblins
  13 jackals
  8 kobolds
  4 quokkas
  4 bats
  3 frilled lizards
  A jackal skeleton (D:3)
  A leopard gecko skeleton (D:6)
  A quokka skeleton (D:4)
  11 rats
146 creatures vanquished.

Notes
Turn   | Place    | Note
-------+----------+-------------------------------------------
     0 | D:1      | Forgol the Draconian Berserker began the quest for the Orb.
     0 | D:1      | Reached XP level 1. HP: 19/19 MP: 1/1
   177 | D:1      | Reached XP level 2. HP: 21/26 MP: 2/2
   723 | D:1      | Reached XP level 3. HP: 31/31 MP: 3/3
   758 | D:1      | Reached ** piety under Trog
  1237 | D:2      | Found a glowing silver altar of Zin.
  1349 | D:2      | Reached skill level 4 in Long Blades
  1464 | D:2      | Reached XP level 4. HP: 32/38 MP: 4/4
  2286 | D:3      | Found a deep blue altar of Sif Muna.
  2375 | D:3      | Found a snail-covered altar of Cheibriados.
  2420 | D:3      | Found a faded altar of an unknown god.
  2644 | D:3      | Reached XP level 5. HP: 45/45 MP: 5/5
  2645 | D:3      | Reached *** piety under Trog
  2966 | D:4      | Reached skill level 5 in Long Blades
  3252 | D:4      | Reached XP level 6. HP: 46/51 MP: 6/6
  3562 | D:5      | Entered Level 5 of the Dungeon
  3562 | D:5      | Found a sparkling altar of Nemelex Xobeh.
  3594 | D:5      | Noticed Prince Ribbit
  3736 | D:5      | Found a shimmering altar of Xom.
  3741 | D:5      | Found a shimmering altar of Xom.
  3743 | D:5      | Found a shimmering altar of Xom.
  3743 | D:5      | Found a shimmering altar of Xom.
  3743 | D:5      | Found a shimmering altar of Xom.
  3766 | D:5      | Identified Tathrug's Catalogue of Translocation and Combat
                  | Magic
  3837 | D:5      | Reached skill level 5 in Dodging
  4070 | D:5      | Found an opulent altar of Gozag.
  4202 | D:6      | Reached skill level 6 in Long Blades
  4202 | D:6      | Your scales start taking on a glossy black colour.
  4202 | D:6      | Reached XP level 7. HP: 57/57 MP: 7/7
  4202 | D:6      | Gained mutation: You are resistant to electric shocks.
                  | (rElec) [Black Draconian growth]
  4527 | D:6      | Reached **** piety under Trog
  4882 | D:6      | Reached skill level 7 in Long Blades
  4943 | D:6      | Found a sparkling altar of Nemelex Xobeh.
  5100 | D:6      | Reached XP level 8. HP: 63/63 MP: 8/8
  5524 | D:7      | Received a gift from Trog
  5783 | D:7      | Found a bloodstained altar of Trog.
  5842 | D:7      | Found a staircase to the Ecumenical Temple.
  6390 | D:7      | Noticed Dowan
  6394 | D:7      | Reached skill level 8 in Long Blades
  6401 | D:7      | Noticed Duvessa
  6423 | D:7      | HP: 1/63 [Duvessa/short sword (4)]
  6423 | D:7      | Slain by Dowan

Skill      XL: |  1  2  3  4  5  6  7  8 |
---------------+-------------------------+-----
Dodging        | 3 4 5 6 7 |  7.5
Long Blades    | 4 5 6 7 8 |  8.3
Fighting       | |  3.2

Action                   |  1- 3 |  4- 6 |  7- 9 || total
-------------------------+-------+-------+-------++-------
Melee: Falchion          |   106 |   187 |   136 ||   429
       Tailslap          |    14 |    23 |    28 ||    65
Throw: Stone             |     9 |       |       ||     9
Invok: Berserk           |     1 |     4 |     4 ||     9
 Abil: Breathe Lightning |       |       |     2 ||     2
  Use: Scroll            |     1 |     8 |     3 ||    12
       Potion            |       |     1 |     9 ||    10
 Stab: Sleeping          |     1 |       |       ||     1
       Distracted        |       |     1 |       ||     1
  Eat: Chunk             |     3 |     5 |     9 ||    17
       Ration            |       |     2 |     1 ||     3
Armor: Skin              |    33 |    36 |    38 ||   107
Dodge: Dodged            |    89 |   140 |   104 ||   333
       Rpst.: Falchion   |    25 |    43 |    28 ||    96
